[Event "Sautron op 16th"]
[Site "Sautron"]
[Date "2016.10.22"]
[Round "3.2"]
[White "Stephan, Victor"]
[Black "Koziak, Vitali"]
[Result "1/2-1/2"]
[ECO "E34"]
[WhiteElo "2356"]
[BlackElo "2479"]
[Annotator "RR"]
[PlyCount "73"]
[EventDate "2016.10.22"]
[EventType "swiss"]
[EventRounds "9"]
[EventCountry "FRA"]
[SourceTitle "EXT 2019"]
[Source "ChessBase"]
[SourceDate "2018.10.10"]
[SourceVersion "1"]
[SourceVersionDate "2018.10.10"]
[SourceQuality "1"]
[TimeControl "40/5400+30:1800+30"]
[WhiteClock "0:29:38"]
[BlackClock "0:09:25"]

1. d4 Nf6 2. c4 e6 3. Nc3 Bb4 4. Qc2 d5 (4... O-O) (4... c5) 5. cxd5 Qxd5 (5... exd5 {La grande ligne qui peut transposer sur une défense
Ragozin}) 6. Nf3 Qf5 7. Qxf5 exf5 8. a3 Be7 (8... Bd6 {
L'alternative} 9. Nb5 (9. Bg5)) 9. Bf4 c6 10.
h3 (10. e3) 10... Nbd7 11. e3 Nb6 12. Bd3 Nfd5 $146 (
12... Be6 13. Rc1 a5 14. Bc7 Nbd5 15. Nxd5 Nxd5 16. Bh2 Nb6 17. Nd2 Kd7 18. Be5
f6 19. Bg3 h5 20. h4 a4 21. f3 Rhe8 22. Kf2 Ra5 23. Rc2 g6 24. Rhc1 Bf8 25. e4
Bh6 26. Rd1 Bxd2 27. Rdxd2 fxe4 28. fxe4 Bb3 29. Rc5 Rea8 30. Ke3 Nc8 31. Rf2
Rxc5 32. dxc5 Ke6 33. Bc7 Ne7 34. g3 f5 35. Kd4 fxe4 36. Bxe4 Nf5+ 37. Bxf5+
gxf5 38. Re2+ Kd7 39. Bd6 Re8 40. Rxe8 Kxe8 41. Ke5 Kd7 42. Bf8 {Zhigalko,S 
(2679)-Wojtaszek,R (2721) Wroclaw 2011 1/2-1/2}) 13. Be5 f6 14. Bh2 Be6 15. Nd2 Kf7 $11 16. Ke2 Rhd8 17. Nxd5 cxd5 (17... Bxd5
18. b4) 18. Bc7 $1 Rdc8 19. Bxb6 axb6 20. Rac1 Rxc1 21.
Rxc1 $14 {[%emt 0:01:09] Les Blancs ont une bonne finale} Rc8 22. Rxc8 Bxc8 23. Nb1 $1 Ke6 24. Nc3 Bd7 25. Bc2 Kd6 {[%emt 0:00:16] Le K
centralisé est un bon défenseur des faiblesses.} 26. Bb3 Be6 27. f3 Bd8 28. Ba4 (28. Kd3) 28... Be7 29. Kd2 Bd8 30. Ne2 Bc7 31. b4 (31. Nf4) 31... Ke7 32. Bb3 Bb8 33. Nc3 Kd6 34. Nb5+ Kd7 35. Nc3 Kd6 36. Nb5+ Kd7 37. Nc3 1/2-1/2